Anaheim Ducks vs Philadelphia Flyers
(R1)
Created - Friday, November 1, 2024 at 07:06
Goals
|
| Anaheim Ducks |
1 |
0 |
1 |
2 |
| Philadelphia Flyers |
1 |
1 |
2 |
4 |
|
Shots
|
| Anaheim Ducks |
6 |
11 |
14 |
31 |
| Philadelphia Flyers |
9 |
9 |
8 |
26 |
|
1st period
1. Philadelphia Flyers , Jeff Skinner 11 (Alexander Wennberg 20, Sonny Milano 17) at 6:33 (PP)
2. Anaheim Ducks , William Nylander 26 (John Tavares 25, Chandler Stephenson 22) at 10:35
Penalties :
Morgan Rielly (ANA) for Roughing (Minor) at 6:23, William Nylander (ANA) for Hooking (Minor) at 10:57, John Tavares (ANA) for High sticking (Minor) at 15:29
2nd period
3. Philadelphia Flyers , Radek Faksa 8 (Alexander Wennberg 21, Marcus Johansson 11) at 2:30
Penalties :
Brenden Dillon (ANA) for Roughing (Minor) at 5:27, Brayden Schenn (ANA) for Hooking (Minor) at 12:05, Morgan Rielly (ANA) for Slashing (Minor) at 17:16
3rd period
4. Philadelphia Flyers , Jeff Skinner 12 (Sean Kuraly 14) at 8:07
5. Anaheim Ducks , Max Domi 7 (Alexandre Texier 7) at 11:41
6. Philadelphia Flyers , Brandon Montour 7 (Casey Cizikas 21) at 19:57 (Empty Net)
Penalties :
Jakob Chychrun (ANA) for Hooking (Minor) at 3:43, Ben Chiarot (PHI) for Roughing (Minor) at 12:19, Mark Scheifele (ANA) for Interference (Minor) at 13:04
Goalie Stats
Linus Ullmark (ANA), 22 saves from 25 shots - (0.880), L, 28-11-8, 59:04 minutes
Connor Ingram (PHI), 29 saves from 31 shots - (0.935), W, 25-11-6, 60:00 minutes
Players Stats for Anaheim Ducks
Player Name G A P +/- PIM S H SB GA TA FO MP PP MP PK MP
------------------------------------------------------------------------------------
Alex Killorn 0 0 0 1 0 4 5 0 0 0 0/0 17:20 0:16 5:17
Alexandre Texier 0 1 1 1 0 0 0 0 1 0 1/2 9:40 0:00 1:59
Brayden Schenn 0 0 0 -1 2 4 2 0 0 2 0/0 18:14 0:00 5:32
Brenden Dillon 0 0 0 0 2 0 0 4 0 2 0/0 19:01 0:00 5:42
Calle Jarnkrok 0 0 0 1 0 0 0 0 0 0 0/0 6:22 0:00 0:00
Chandler Stephenson 0 1 1 -1 0 1 2 0 0 0 1/3 18:22 0:00 5:17
Esa Lindell 0 0 0 0 0 2 0 2 0 1 0/0 24:01 0:00 7:08
Ivan Provorov 0 0 0 0 0 1 1 3 0 0 0/0 23:28 0:00 7:06
J.T. Compher 0 0 0 -1 0 1 3 0 1 3 3/9 19:42 0:00 6:49
Jakob Chychrun 0 0 0 0 2 0 1 1 0 0 0/0 14:07 0:00 0:20
John Tavares 0 1 1 1 2 0 1 0 0 0 5/15 12:23 0:16 0:00
Joshua Morrissey 0 0 0 -1 0 2 0 1 0 0 0/0 17:57 0:45 0:00
Mark Scheifele 0 0 0 -2 2 2 0 0 0 0 6/11 13:56 0:28 0:00
Mason Marchment 0 0 0 -1 0 0 3 0 0 0 0/1 12:34 0:16 0:00
Max Domi 1 0 1 1 0 2 2 0 0 0 2/3 7:56 0:00 0:42
Morgan Rielly 0 0 0 -1 4 2 1 1 0 0 0/0 21:52 0:45 5:22
Nazem Kadri 0 0 0 -2 0 4 0 1 0 1 15/23 15:04 0:29 0:01
William Nylander 1 0 1 0 2 6 1 0 0 0 1/1 13:50 0:29 0:01
Players Stats for Philadelphia Flyers
Player Name G A P +/- PIM S H SB GA TA FO MP PP MP PK MP
------------------------------------------------------------------------------------
Alexander Wennberg 0 2 2 1 0 2 1 0 0 0 7/15 17:21 6:36 0:00
Andrew Copp 0 0 0 0 0 1 3 0 0 0 9/15 19:12 5:45 0:16
Ben Chiarot 0 0 0 -1 2 0 2 1 0 1 0/0 15:50 0:05 0:00
Brandon Montour 1 0 1 2 0 1 3 0 1 0 0/0 23:57 5:42 0:45
Casey Cizikas 0 1 1 0 0 1 0 3 1 0 9/17 14:33 0:52 0:29
Cody Glass 0 0 0 -1 0 2 1 0 1 0 0/1 17:03 5:44 0:00
Connor Murphy 0 0 0 -1 0 1 0 2 0 0 0/0 23:00 6:20 0:18
Jeff Skinner 2 0 2 1 0 4 2 0 1 0 1/2 17:40 6:30 0:00
Jesper Fast 0 0 0 1 0 1 0 0 1 0 1/1 9:58 0:00 0:00
Juuso Parssinen 0 0 0 -1 0 0 1 0 0 0 1/1 12:54 0:28 0:00
Marcus Johansson 0 1 1 1 0 1 2 1 1 0 0/0 11:16 0:20 0:00
Radek Faksa 1 0 1 2 0 1 1 1 0 0 6/16 19:07 6:29 0:29
Sean Kuraly 0 1 1 1 0 2 1 0 1 0 0/0 17:37 6:07 0:16
Sonny Milano 0 1 1 -1 0 4 1 0 1 0 0/0 16:53 6:27 0:00
Trevor van Riemsdyk 0 0 0 0 0 0 0 0 0 0 0/0 12:32 0:00 0:00
Tyler Johnson 0 0 0 -1 0 5 2 1 1 1 0/0 17:26 5:45 0:00
Vladislav Gavrikov 0 0 0 2 0 0 0 1 0 0 0/0 17:40 0:00 0:27
Zac Jones 0 0 0 0 0 0 2 2 0 0 0/0 14:01 0:55 0:00
3 Stars
1 - Jeff Skinner (PHI)
2 - Brandon Montour (PHI)
3 - Radek Faksa (PHI)
Power Play
Anaheim Ducks - 0 on 1 Attempt(s) - 0.00%
Philadelphia Flyers - 1 on 8 Attempt(s) - 12.50%
Penalty Kill
Anaheim Ducks - 7 on 8 Attempt(s) - 87.50%
- Score 0 goal in Penalty Kill
Philadelphia Flyers - 1 on 1 Attempt(s) - 100.00%
- Score 0 goal in Penalty Kill
Team Stat
Anaheim Ducks - Hits : 22 - Faceoff Wins : 34 - Blocked Shots : 13 - Penalty Minutes : 16
Philadelphia Flyers - Hits : 22 - Faceoff Wins : 34 - Blocked Shots : 12 - Penalty Minutes : 2
Official
Referees : Trevor Hanson and Steve Kozari
Linesman : Ben O'Quinn and Tyson Baker
Game Notes
Brandon Montour has scored in a empty net!
Finance
Level 1 -- Attendance: 5709 (95.15%) -- Ticket Income $519,519
Level 2 -- Attendance: 4469 (89.38%) -- Ticket Income $232,388
Level 3 -- Attendance: 2693 (89.77%) -- Ticket Income $75,404
Level 4 -- Attendance: 4874 (97.48%) -- Ticket Income $87,732
Luxury Box -- Attendance: 922 (92.20%) -- Ticket Income $175,180
Game was played at the Wells Fargo Center.
Total Attendance: 18667 (93.34%)
Total Ticket Income: $1,090,223
Other Income: $381,578
Total Income: $1,471,801
Anaheim Ducks
5 vs 5 Forward
Center Left Wing Right Wing Time % Phy DF OF
1 John Tavares Alex Killorn William Nylander 33 1 2 2
2 Mark Scheifele Brayden Schenn Mason Marchment 33 1 2 2
3 Nazem Kadri Chandler Stephenson J.T. Compher 33 1 1 3
4 Max Domi Calle Jarnkrok Alexandre Texier 1 1 2 2
5 vs 5 Defense
Defense Defense Time % Phy DF OF
1 Esa Lindell Joshua Morrissey 35 1 2 2
2 Morgan Rielly Ivan Provorov 35 1 2 2
3 Brenden Dillon Jakob Chychrun 30 1 2 2
4 Esa Lindell Joshua Morrissey 0 1 2 2
PowerPlay Forward
Center Left Wing Right Wing Time % Phy DF OF
1 Nazem Kadri Mark Scheifele William Nylander 60 1 1 3
2 John Tavares Alex Killorn Mason Marchment 40 1 1 3
PowerPlay Defense
Defense Defense Time % Phy DF OF
1 Morgan Rielly Joshua Morrissey 60 1 1 3
2 Esa Lindell Jakob Chychrun 40 1 1 3
Penalty Kill 4 Players Forward
Center Wing Time % Phy DF OF
1 J.T. Compher Brayden Schenn 55 1 3 1
2 Chandler Stephenson Alex Killorn 45 1 3 1
Penalty Kill 4 Players Defense
Defense Defense Time % Phy DF OF
1 Esa Lindell Ivan Provorov 50 1 3 1
2 Morgan Rielly Brenden Dillon 50 1 3 1
Penalty Kill - 3 Players Forward
Forward Time % Phy DF OF
1 J.T. Compher 50 1 4 0
2 Chandler Stephenson 50 1 4 0
Penalty Kill - 3 Players Defense
Defense Defense Time % Phy DF OF
1 Esa Lindell Ivan Provorov 50 1 4 0
2 Morgan Rielly Brenden Dillon 50 1 4 0
4 vs 4 Forward
Center Wing Time % Phy DF OF
1 Nazem Kadri William Nylander 60 1 2 2
2 John Tavares Mark Scheifele 40 1 2 2
4 vs 4 Defense
Defense Defense Time % Phy DF OF
1 Esa Lindell Morgan Rielly 50 1 2 2
2 Ivan Provorov Joshua Morrissey 50 1 2 2
Last Minutes Offensive
Center Left Wing Right Wing Defense Defense
Nazem Kadri William Nylander Mark Scheifele Joshua Morrissey Morgan Rielly
Last Minutes Defensive
Center Left Wing Right Wing Defense Defense
Chandler Stephenson Alex Killorn J.T. Compher Ivan Provorov Esa Lindell
Goaltenders
Starting : Linus Ullmark
Backup : James Reimer
Extra Forwards
Normal : William Nylander, Mark Scheifele, Nazem Kadri - PP : William Nylander, Nazem Kadri - PK : J.T. Compher
Extra Defensemen
Normal : Esa Lindell, Brenden Dillon, Ivan Provorov - PP : Joshua Morrissey - PK : Esa Lindell, Ivan Provorov
Penalty Shots
Brenden Dillon, Mark Scheifele, Calle Jarnkrok, John Tavares, Alex Killorn
Scratches
Josh Manson (Healthy)
Philadelphia Flyers
5 vs 5 Forward
Center Left Wing Right Wing Time % Phy DF OF
1 Alexander Wennberg Jeff Skinner Marcus Johansson 25 0 1 4
2 Andrew Copp Tyler Johnson Cody Glass 25 0 1 4
3 Casey Cizikas Sonny Milano Juuso Parssinen 25 0 2 3
4 Radek Faksa Sean Kuraly Jesper Fast 25 0 2 3
5 vs 5 Defense
Defense Defense Time % Phy DF OF
1 Brandon Montour Vladislav Gavrikov 35 0 3 2
2 Connor Murphy Ben Chiarot 35 0 3 2
3 Zac Jones Trevor van Riemsdyk 30 0 4 1
4 Brandon Montour Vladislav Gavrikov 0 0 3 2
PowerPlay Forward
Center Left Wing Right Wing Time % Phy DF OF
1 Alexander Wennberg Jeff Skinner Sonny Milano 50 0 0 5
2 Andrew Copp Tyler Johnson Cody Glass 50 0 0 5
PowerPlay Defense
Defense Defense Time % Phy DF OF
1 Brandon Montour Radek Faksa 50 0 1 4
2 Connor Murphy Sean Kuraly 50 0 1 4
Penalty Kill 4 Players Forward
Center Wing Time % Phy DF OF
1 Casey Cizikas Radek Faksa 50 0 5 0
2 Andrew Copp Sean Kuraly 50 0 5 0
Penalty Kill 4 Players Defense
Defense Defense Time % Phy DF OF
1 Connor Murphy Ben Chiarot 50 0 5 0
2 Vladislav Gavrikov Brandon Montour 50 0 5 0
Penalty Kill - 3 Players Forward
Forward Time % Phy DF OF
1 Casey Cizikas 50 0 5 0
2 Andrew Copp 50 0 5 0
Penalty Kill - 3 Players Defense
Defense Defense Time % Phy DF OF
1 Connor Murphy Ben Chiarot 50 0 5 0
2 Vladislav Gavrikov Brandon Montour 50 0 5 0
4 vs 4 Forward
Center Wing Time % Phy DF OF
1 Alexander Wennberg Jeff Skinner 50 0 1 4
2 Andrew Copp Tyler Johnson 50 0 1 4
4 vs 4 Defense
Defense Defense Time % Phy DF OF
1 Brandon Montour Vladislav Gavrikov 50 0 3 2
2 Connor Murphy Ben Chiarot 50 0 3 2
Last Minutes Offensive
Center Left Wing Right Wing Defense Defense
Alexander Wennberg Jeff Skinner Sonny Milano Brandon Montour Andrew Copp
Last Minutes Defensive
Center Left Wing Right Wing Defense Defense
Casey Cizikas Andrew Copp Radek Faksa Connor Murphy Ben Chiarot
Goaltenders
Starting : Connor Ingram
Backup : Devin Cooley
Extra Forwards
Normal : Andrew Copp, Casey Cizikas, Tyler Johnson - PP : Andrew Copp, Casey Cizikas - PK : Tyler Johnson
Extra Defensemen
Normal : Connor Murphy, Brandon Montour, Vladislav Gavrikov - PP : Connor Murphy - PK : Brandon Montour, Vladislav Gavrikov
Penalty Shots
Andrew Copp, Cody Glass, Casey Cizikas, Jeff Skinner, Tyler Johnson
Scratches
Matt Rempe (Healthy), Marcel Marcel (Healthy), Daniil Misyul (Healthy)
% Time on Ice - Anaheim Ducks
Lines # - Real PCT - Wanted PCT - Time Play
Normal Forward
1 - 28% - 33% - 12:27
2 - 29% - 33% - 12:39
3 - 29% - 33% - 12:44
4 - 14% - 1% - 6:22
Normal Defense
1 - 35% - 35% - 15:18
2 - 36% - 35% - 16:00
3 - 27% - 30% - 11:51
4 - 2% - 0% - 1:03
PP Forward
1 - 64% - 60% - 0:29
2 - 36% - 40% - 0:16
PP Defense
1 - 100% - 60% - 0:45
2 - 0% - 40% - 0:00
PK Forward
1 - 59% - 55% - 7:32
2 - 41% - 45% - 5:17
PK Defense
1 - 45% - 50% - 5:46
2 - 55% - 50% - 7:03
PK3 Forward
1 - 0% - 50%
2 - 0% - 50%
PK3 Defense
1 - 0% - 50%
2 - 0% - 50%
44 Forward
1 - 88% - 60% - 1:05
2 - 12% - 40% - 0:09
44 Defense
1 - 51% - 50% - 0:38
2 - 49% - 50% - 0:36
Last Minute Offensive - 1:00
Last Minute Defensive - 0:00
Total
Forward - 60:00
Defense - 60:00
|
% Time on Ice - Philadelphia Flyers
Lines # - Real PCT - Wanted PCT - Time Play
Normal Forward
1 - 24% - 25% - 10:27
2 - 30% - 25% - 13:02
3 - 24% - 25% - 10:42
4 - 23% - 25% - 9:58
Normal Defense
1 - 34% - 35% - 15:01
2 - 36% - 35% - 15:48
3 - 28% - 30% - 12:32
4 - 2% - 0% - 0:48
PP Forward
1 - 52% - 50% - 6:39
2 - 48% - 50% - 6:10
PP Defense
1 - 51% - 50% - 6:29
2 - 49% - 50% - 6:20
PK Forward
1 - 64% - 50% - 0:29
2 - 36% - 50% - 0:16
PK Defense
1 - 40% - 50% - 0:18
2 - 60% - 50% - 0:27
PK3 Forward
1 - 0% - 50%
2 - 0% - 50%
PK3 Defense
1 - 0% - 50%
2 - 0% - 50%
44 Forward
1 - 58% - 50% - 0:43
2 - 42% - 50% - 0:31
44 Defense
1 - 54% - 50% - 0:40
2 - 46% - 50% - 0:34
Last Minute Offensive - 0:00
Last Minute Defensive - 1:03
Total
Forward - 60:00
Defense - 60:00
|
Play-by-Play
1st period
0:01 of 1st period - Jeff Skinner wins face-off versus John Tavares in neutral zone.
0:04 of 1st period - Alex Killorn is hit by Jeff Skinner and loses puck.
1:25 of 1st period - Esa Lindell is hit by Marcus Johansson and loses puck.
2:33 of 1st period - Snap shot by Sonny Milano.
2:33 of 1st period - Stopped by Linus Ullmark without a rebound.
2:34 of 1st period - Mark Scheifele wins face-off versus Andrew Copp in Anaheim Ducks zone.
2:39 of 1st period - Snap shot by Tyler Johnson.
2:39 of 1st period - Stopped by Linus Ullmark with a rebound.
2:41 of 1st period - Wrist shot by Tyler Johnson.
2:41 of 1st period - Stopped by Linus Ullmark without a rebound.
2:42 of 1st period - Andrew Copp wins face-off versus Mark Scheifele in Anaheim Ducks zone.
2:45 of 1st period - Slapshot by Tyler Johnson.
2:45 of 1st period - Stopped by Linus Ullmark with a rebound.
3:17 of 1st period - Slapshot by Sonny Milano.
3:17 of 1st period - Stopped by Linus Ullmark without a rebound.
3:18 of 1st period - John Tavares wins face-off versus Radek Faksa in Anaheim Ducks zone.
3:43 of 1st period - Ben Chiarot is hit by J.T. Compher and loses puck.
4:02 of 1st period - Slapshot by Sonny Milano.
4:02 of 1st period - Shot Blocked by Joshua Morrissey.
4:23 of 1st period - Icing by Max Domi.
4:24 of 1st period - Max Domi wins face-off versus Andrew Copp in Anaheim Ducks zone.
4:54 of 1st period - Off-side.
4:55 of 1st period - John Tavares wins face-off versus Radek Faksa in neutral zone.
5:26 of 1st period - Brenden Dillon is hit by Ben Chiarot and loses puck.
5:33 of 1st period - Backhand shot by Jeff Skinner.
5:33 of 1st period - Shot Blocked by Nazem Kadri.
5:49 of 1st period - Snap shot by Cody Glass.
5:49 of 1st period - Shot Blocked by Jakob Chychrun.
5:51 of 1st period - Slapshot by Zac Jones.
5:51 of 1st period - Shot Blocked by Brenden Dillon.
5:53 of 1st period - Wrist shot by Andrew Copp.
5:53 of 1st period - Shot Misses the Net.
5:55 of 1st period - Snap shot by Tyler Johnson.
5:55 of 1st period - Stopped by Linus Ullmark without a rebound.
5:56 of 1st period - Casey Cizikas wins face-off versus Mark Scheifele in Anaheim Ducks zone.
6:09 of 1st period - Snap shot by Casey Cizikas.
6:09 of 1st period - Stopped by Linus Ullmark without a rebound.
6:10 of 1st period - Alexander Wennberg wins face-off versus John Tavares in Anaheim Ducks zone.
6:21 of 1st period - Snap shot by Alexander Wennberg.
6:21 of 1st period - Shot Misses the Net.
6:23 of 1st period - Minor Penalty to Morgan Rielly for Roughing.
6:24 of 1st period - Alexander Wennberg wins face-off versus J.T. Compher in Anaheim Ducks zone.
6:33 of 1st period - Slapshot by Jeff Skinner.
6:33 of 1st period - Goal by Jeff Skinner - Anaheim Ducks : 0 - Philadelphia Flyers : 1.
6:34 of 1st period - Mark Scheifele wins face-off versus Radek Faksa in neutral zone.
6:43 of 1st period - Snap shot by Brayden Schenn.
6:43 of 1st period - Stopped by Connor Ingram with a rebound.
6:47 of 1st period - Snap shot by Mark Scheifele.
6:47 of 1st period - Shot Misses the Net.
7:32 of 1st period - Off-side.
7:33 of 1st period - Mark Scheifele wins face-off versus Radek Faksa in neutral zone.
7:49 of 1st period - Wrist shot by Sean Kuraly.
7:49 of 1st period - Shot Misses the Net.
8:07 of 1st period - Off-side.
8:08 of 1st period - Casey Cizikas wins face-off versus John Tavares in neutral zone.
8:57 of 1st period - Mason Marchment is hit by Ben Chiarot and loses puck.
9:42 of 1st period - Wrist shot by Mark Scheifele.
9:42 of 1st period - Stopped by Connor Ingram with a rebound.
9:48 of 1st period - Snap shot by Brayden Schenn.
9:48 of 1st period - Stopped by Connor Ingram without a rebound.
9:49 of 1st period - Nazem Kadri wins face-off versus Alexander Wennberg in Philadelphia Flyers zone.
10:15 of 1st period - Nazem Kadri is hit by Brandon Montour.
10:19 of 1st period - Snap shot by Nazem Kadri.
10:19 of 1st period - Stopped by Connor Ingram with a rebound.
10:35 of 1st period - Wrist shot by William Nylander.
10:35 of 1st period - Goal by William Nylander - Anaheim Ducks : 1 - Philadelphia Flyers : 1.
10:36 of 1st period - Alexander Wennberg wins face-off versus John Tavares in neutral zone.
10:57 of 1st period - Minor Penalty to William Nylander for Hooking.
10:58 of 1st period - Andrew Copp wins face-off versus J.T. Compher in Anaheim Ducks zone.
12:57 of 1st period - Penalty to William Nylander is over, William Nylander is back on ice.
13:09 of 1st period - Ivan Provorov is hit by Juuso Parssinen and loses puck.
14:01 of 1st period - Connor Murphy is hit by Max Domi and loses puck.
14:56 of 1st period - Ben Chiarot is hit by Chandler Stephenson and loses puck.
15:09 of 1st period - Morgan Rielly is hit by Andrew Copp and loses puck.
15:29 of 1st period - Minor Penalty to John Tavares for High sticking.
15:30 of 1st period - Andrew Copp wins face-off versus J.T. Compher in Anaheim Ducks zone.
16:03 of 1st period - Wrist shot by Jeff Skinner.
16:03 of 1st period - Shot Blocked by Brenden Dillon.
16:05 of 1st period - Wrist shot by Sonny Milano.
16:05 of 1st period - Shot Blocked by Morgan Rielly.
16:27 of 1st period - Ivan Provorov is hit by Jeff Skinner and loses puck.
16:52 of 1st period - Esa Lindell is hit by Brandon Montour and loses puck.
17:29 of 1st period - Penalty to John Tavares is over, John Tavares is back on ice.
18:21 of 1st period - Wrist shot by Mark Scheifele.
18:21 of 1st period - Shot Misses the Net.
18:35 of 1st period - Ben Chiarot is hit by William Nylander and loses puck.
19:14 of 1st period - Snap shot by Casey Cizikas.
19:14 of 1st period - Deflect By Sonny Milano.
19:14 of 1st period - Stopped by Linus Ullmark without a rebound.
19:15 of 1st period - Nazem Kadri wins face-off versus Casey Cizikas in Anaheim Ducks zone.
19:20 of 1st period - Sonny Milano is hit by Jakob Chychrun.
19:26 of 1st period - Brandon Montour is hit by J.T. Compher.
19:40 of 1st period - Slapshot by Max Domi.
19:40 of 1st period - Shot Blocked by Casey Cizikas.
19:42 of 1st period - Wrist shot by Esa Lindell.
19:42 of 1st period - Stopped by Connor Ingram with a rebound.
19:46 of 1st period - Wrist shot by Max Domi.
19:46 of 1st period - Shot Misses the Net.
19:50 of 1st period - Snap shot by Max Domi.
19:50 of 1st period - Shot Blocked by Casey Cizikas.
Goals for this period are 1 for Anaheim Ducks vs 1 for Philadelphia Flyers.
Shots for this period are 6 for Anaheim Ducks vs 9 for Philadelphia Flyers.
2nd period
0:01 of 2nd period - Nazem Kadri wins face-off versus Radek Faksa in neutral zone.
0:33 of 2nd period - Wrist shot by Morgan Rielly.
0:33 of 2nd period - Shot Blocked by Marcus Johansson.
0:53 of 2nd period - Casey Cizikas is hit by Alex Killorn and loses puck.
1:14 of 2nd period - Snap shot by Andrew Copp.
1:14 of 2nd period - Shot Misses the Net.
1:16 of 2nd period - Snap shot by Cody Glass.
1:16 of 2nd period - Shot Misses the Net.
1:18 of 2nd period - Wrist shot by Cody Glass.
1:18 of 2nd period - Stopped by Linus Ullmark without a rebound.
1:19 of 2nd period - Radek Faksa wins face-off versus J.T. Compher in Anaheim Ducks zone.
2:30 of 2nd period - Wrist shot by Radek Faksa.
2:30 of 2nd period - Goal by Radek Faksa - Anaheim Ducks : 1 - Philadelphia Flyers : 2.
2:31 of 2nd period - Radek Faksa wins face-off versus Nazem Kadri in neutral zone.
2:34 of 2nd period - Wrist shot by Jesper Fast.
2:34 of 2nd period - Shot Misses the Net.
3:00 of 2nd period - Wrist shot by Cody Glass.
3:00 of 2nd period - Stopped by Linus Ullmark with a rebound.
3:08 of 2nd period - Cody Glass is hit by Alex Killorn.
3:24 of 2nd period - Snap shot by Max Domi.
3:24 of 2nd period - Stopped by Connor Ingram without a rebound.
3:25 of 2nd period - Radek Faksa wins face-off versus Max Domi in Philadelphia Flyers zone.
3:32 of 2nd period - Slapshot by Morgan Rielly.
3:32 of 2nd period - Stopped by Connor Ingram without a rebound.
3:33 of 2nd period - Nazem Kadri wins face-off versus Radek Faksa in Philadelphia Flyers zone.
4:02 of 2nd period - Snap shot by Tyler Johnson.
4:02 of 2nd period - Shot Blocked by Ivan Provorov.
4:40 of 2nd period - Snap shot by Alexander Wennberg.
4:40 of 2nd period - Shot Blocked by Brenden Dillon.
4:42 of 2nd period - Slapshot by Marcus Johansson.
4:42 of 2nd period - Shot Blocked by Brenden Dillon.
4:44 of 2nd period - Backhand shot by Marcus Johansson.
4:44 of 2nd period - Stopped by Linus Ullmark without a rebound.
4:45 of 2nd period - Nazem Kadri wins face-off versus Alexander Wennberg in Anaheim Ducks zone.
5:00 of 2nd period - Wrist shot by Nazem Kadri.
5:00 of 2nd period - Stopped by Connor Ingram without a rebound.
5:01 of 2nd period - Andrew Copp wins face-off versus Mark Scheifele in Philadelphia Flyers zone.
5:12 of 2nd period - Snap shot by Andrew Copp.
5:12 of 2nd period - Stopped by Linus Ullmark without a rebound.
5:13 of 2nd period - Casey Cizikas wins face-off versus John Tavares in Anaheim Ducks zone.
5:22 of 2nd period - Slapshot by William Nylander.
5:22 of 2nd period - Shot Misses the Net.
5:24 of 2nd period - Snap shot by William Nylander.
5:24 of 2nd period - Stopped by Connor Ingram without a rebound.
5:25 of 2nd period - Radek Faksa wins face-off versus Mason Marchment in Philadelphia Flyers zone.
5:27 of 2nd period - Minor Penalty to Brenden Dillon for Roughing.
5:28 of 2nd period - Andrew Copp wins face-off versus J.T. Compher in Anaheim Ducks zone.
5:35 of 2nd period - Wrist shot by Tyler Johnson.
5:35 of 2nd period - Shot Blocked by Ivan Provorov.
5:37 of 2nd period - Snap shot by Radek Faksa.
5:37 of 2nd period - Shot Misses the Net.
5:39 of 2nd period - Wrist shot by Tyler Johnson.
5:39 of 2nd period - Shot Blocked by Ivan Provorov.
5:41 of 2nd period - Slapshot by Andrew Copp.
5:41 of 2nd period - Shot Blocked by Esa Lindell.
5:43 of 2nd period - Snap shot by Brandon Montour.
5:43 of 2nd period - Shot Blocked by Esa Lindell.
5:53 of 2nd period - Snap shot by Jeff Skinner.
5:53 of 2nd period - Shot Misses the Net.
5:55 of 2nd period - Slapshot by Connor Murphy.
5:55 of 2nd period - Stopped by Linus Ullmark without a rebound.
5:56 of 2nd period - Alexander Wennberg wins face-off versus Chandler Stephenson in Anaheim Ducks zone.
7:04 of 2nd period - Brandon Montour is hit by Brayden Schenn and loses puck.
7:27 of 2nd period - Penalty to Brenden Dillon is over, Brenden Dillon is back on ice.
9:29 of 2nd period - Slapshot by Mark Scheifele.
9:29 of 2nd period - Stopped by Connor Ingram with a rebound.
9:56 of 2nd period - Icing by Casey Cizikas.
9:57 of 2nd period - Max Domi wins face-off versus Alexander Wennberg in Philadelphia Flyers zone.
10:44 of 2nd period - Snap shot by Brayden Schenn.
10:44 of 2nd period - Shot Misses the Net.
10:52 of 2nd period - Wrist shot by Cody Glass.
10:52 of 2nd period - Shot Misses the Net.
11:04 of 2nd period - Slapshot by William Nylander.
11:04 of 2nd period - Stopped by Connor Ingram without a rebound.
11:05 of 2nd period - John Tavares wins face-off versus Casey Cizikas in Philadelphia Flyers zone.
11:08 of 2nd period - Snap shot by Alex Killorn.
11:08 of 2nd period - Shot Blocked by Zac Jones.
11:10 of 2nd period - Snap shot by Alex Killorn.
11:10 of 2nd period - Stopped by Connor Ingram without a rebound.
11:11 of 2nd period - Nazem Kadri wins face-off versus Jeff Skinner in Philadelphia Flyers zone.
11:20 of 2nd period - Wrist shot by Alexander Wennberg.
11:20 of 2nd period - Stopped by Linus Ullmark with a rebound.
12:00 of 2nd period - Tyler Johnson is hit by Brayden Schenn.
12:05 of 2nd period - Minor Penalty to Brayden Schenn for Hooking.
12:06 of 2nd period - J.T. Compher wins face-off versus Alexander Wennberg in Anaheim Ducks zone.
12:22 of 2nd period - Snap shot by Jeff Skinner.
12:22 of 2nd period - Stopped by Linus Ullmark without a rebound.
12:23 of 2nd period - J.T. Compher wins face-off versus Andrew Copp in Anaheim Ducks zone.
12:48 of 2nd period - Wrist shot by Alex Killorn.
12:48 of 2nd period - Deflect By Chandler Stephenson.
12:48 of 2nd period - Stopped by Connor Ingram without a rebound.
12:49 of 2nd period - Alexander Wennberg wins face-off versus Chandler Stephenson in Philadelphia Flyers zone.
12:49 of 2nd period - Alexander Wennberg is hit by Alex Killorn.
13:15 of 2nd period - Alex Killorn is hit by Tyler Johnson and loses puck.
14:05 of 2nd period - Penalty to Brayden Schenn is over, Brayden Schenn is back on ice.
14:12 of 2nd period - Wrist shot by Sonny Milano.
14:12 of 2nd period - Stopped by Linus Ullmark without a rebound.
14:13 of 2nd period - Casey Cizikas wins face-off versus Mark Scheifele in Anaheim Ducks zone.
14:38 of 2nd period - Zac Jones is hit by Alex Killorn and loses puck.
15:02 of 2nd period - Zac Jones is hit by Ivan Provorov and loses puck.
15:28 of 2nd period - Slapshot by Mark Scheifele.
15:28 of 2nd period - Deflect By Brayden Schenn.
15:28 of 2nd period - Stopped by Connor Ingram with a rebound.
16:10 of 2nd period - Slapshot by John Tavares.
16:10 of 2nd period - Shot Misses the Net.
16:44 of 2nd period - Brenden Dillon is hit by Zac Jones.
16:48 of 2nd period - Wrist shot by Nazem Kadri.
16:48 of 2nd period - Shot Blocked by Zac Jones.
16:50 of 2nd period - Slapshot by Ivan Provorov.
16:50 of 2nd period - Stopped by Connor Ingram without a rebound.
16:51 of 2nd period - John Tavares wins face-off versus Andrew Copp in Philadelphia Flyers zone.
16:54 of 2nd period - Snap shot by John Tavares.
16:54 of 2nd period - Shot Blocked by Ben Chiarot.
16:56 of 2nd period - Slapshot by Morgan Rielly.
16:56 of 2nd period - Shot Blocked by Connor Murphy.
16:58 of 2nd period - Slapshot by Alex Killorn.
16:58 of 2nd period - Stopped by Connor Ingram without a rebound.
16:59 of 2nd period - Andrew Copp wins face-off versus John Tavares in Philadelphia Flyers zone.
16:59 of 2nd period - Andrew Copp is hit by John Tavares.
17:16 of 2nd period - Minor Penalty to Morgan Rielly for Slashing.
17:17 of 2nd period - J.T. Compher wins face-off versus Cody Glass in Anaheim Ducks zone.
17:57 of 2nd period - Alex Killorn is hit by Alexander Wennberg and loses puck.
18:12 of 2nd period - Brenden Dillon is hit by Andrew Copp and loses puck.
18:55 of 2nd period - Alex Killorn is hit by Andrew Copp.
19:16 of 2nd period - Penalty to Morgan Rielly is over, Morgan Rielly is back on ice.
19:27 of 2nd period - Icing by Alexandre Texier.
19:28 of 2nd period - Alexandre Texier wins face-off versus Casey Cizikas in Anaheim Ducks zone.
19:28 of 2nd period - Alexandre Texier is hit by Sonny Milano.
19:52 of 2nd period - Esa Lindell is hit by Sean Kuraly and loses puck.
Goals for this period are 0 for Anaheim Ducks vs 1 for Philadelphia Flyers.
Shots for this period are 11 for Anaheim Ducks vs 9 for Philadelphia Flyers.
3rd period
0:01 of 3rd period - Nazem Kadri wins face-off versus Alexander Wennberg in neutral zone.
0:26 of 3rd period - Vladislav Gavrikov is hit by Mason Marchment and loses puck.
0:47 of 3rd period - Snap shot by William Nylander.
0:47 of 3rd period - Stopped by Connor Ingram without a rebound.
0:48 of 3rd period - Andrew Copp wins face-off versus John Tavares in Philadelphia Flyers zone.
0:52 of 3rd period - Off-side.
0:53 of 3rd period - Nazem Kadri wins face-off versus Andrew Copp in neutral zone.
1:20 of 3rd period - Slapshot by William Nylander.
1:20 of 3rd period - Stopped by Connor Ingram without a rebound.
1:21 of 3rd period - Radek Faksa wins face-off versus John Tavares in Philadelphia Flyers zone.
1:26 of 3rd period - Snap shot by Sean Kuraly.
1:26 of 3rd period - Stopped by Linus Ullmark with a rebound.
1:48 of 3rd period - Chandler Stephenson is hit by Brandon Montour and loses puck.
1:57 of 3rd period - Wrist shot by J.T. Compher.
1:57 of 3rd period - Shot Misses the Net.
2:40 of 3rd period - Alexandre Texier is hit by Tyler Johnson and loses puck.
2:47 of 3rd period - Vladislav Gavrikov is hit by Max Domi and loses puck.
3:12 of 3rd period - Snap shot by Tyler Johnson.
3:12 of 3rd period - Deflect By Alexandre Texier.
3:12 of 3rd period - Stopped by Linus Ullmark with a rebound.
3:43 of 3rd period - Minor Penalty to Jakob Chychrun for Hooking.
3:44 of 3rd period - Alexander Wennberg wins face-off versus J.T. Compher in Anaheim Ducks zone.
5:43 of 3rd period - Penalty to Jakob Chychrun is over, Jakob Chychrun is back on ice.
5:44 of 3rd period - Icing by Esa Lindell.
5:45 of 3rd period - Juuso Parssinen wins face-off versus Alexandre Texier in Anaheim Ducks zone.
6:15 of 3rd period - Snap shot by Chandler Stephenson.
6:15 of 3rd period - Shot Misses the Net.
6:39 of 3rd period - Juuso Parssinen is hit by Mason Marchment and loses puck.
6:46 of 3rd period - Snap shot by Brayden Schenn.
6:46 of 3rd period - Stopped by Connor Ingram without a rebound.
6:47 of 3rd period - Nazem Kadri wins face-off versus Andrew Copp in Philadelphia Flyers zone.
6:58 of 3rd period - Snap shot by Tyler Johnson.
6:58 of 3rd period - Shot Misses the Net.
7:00 of 3rd period - Slapshot by Connor Murphy.
7:00 of 3rd period - Shot Misses the Net.
7:07 of 3rd period - Icing by Nazem Kadri.
7:08 of 3rd period - John Tavares wins face-off versus Alexander Wennberg in Anaheim Ducks zone.
7:25 of 3rd period - Wrist shot by William Nylander.
7:25 of 3rd period - Stopped by Connor Ingram without a rebound.
7:26 of 3rd period - Nazem Kadri wins face-off versus Radek Faksa in Philadelphia Flyers zone.
7:41 of 3rd period - Wrist shot by J.T. Compher.
7:41 of 3rd period - Stopped by Connor Ingram without a rebound.
7:42 of 3rd period - Casey Cizikas wins face-off versus Mark Scheifele in Philadelphia Flyers zone.
8:07 of 3rd period - Snap shot by Jeff Skinner.
8:07 of 3rd period - Goal by Jeff Skinner - Anaheim Ducks : 1 - Philadelphia Flyers : 3.
8:08 of 3rd period - Radek Faksa wins face-off versus Nazem Kadri in neutral zone.
8:15 of 3rd period - Wrist shot by Jesper Fast.
8:15 of 3rd period - Stopped by Linus Ullmark without a rebound.
8:16 of 3rd period - Nazem Kadri wins face-off versus Radek Faksa in Anaheim Ducks zone.
8:36 of 3rd period - Off-side.
8:37 of 3rd period - Mark Scheifele wins face-off versus Alexander Wennberg in neutral zone.
8:50 of 3rd period - Slapshot by Brayden Schenn.
8:50 of 3rd period - Shot Blocked by Vladislav Gavrikov.
8:52 of 3rd period - Slapshot by Esa Lindell.
8:52 of 3rd period - Stopped by Connor Ingram without a rebound.
8:53 of 3rd period - Casey Cizikas wins face-off versus Nazem Kadri in Philadelphia Flyers zone.
9:08 of 3rd period - Slapshot by Chandler Stephenson.
9:08 of 3rd period - Shot Misses the Net.
9:44 of 3rd period - Wrist shot by Radek Faksa.
9:44 of 3rd period - Shot Misses the Net.
9:46 of 3rd period - Wrist shot by Sean Kuraly.
9:46 of 3rd period - Stopped by Linus Ullmark without a rebound.
9:47 of 3rd period - Mark Scheifele wins face-off versus Casey Cizikas in Anaheim Ducks zone.
10:12 of 3rd period - Morgan Rielly is hit by Marcus Johansson.
10:13 of 3rd period - Icing by Morgan Rielly.
10:14 of 3rd period - Alexander Wennberg wins face-off versus Nazem Kadri in Anaheim Ducks zone.
10:17 of 3rd period - Snap shot by Jeff Skinner.
10:17 of 3rd period - Stopped by Linus Ullmark with a rebound.
10:23 of 3rd period - Snap shot by Alexander Wennberg.
10:23 of 3rd period - Stopped by Linus Ullmark without a rebound.
10:24 of 3rd period - William Nylander wins face-off versus Radek Faksa in Anaheim Ducks zone.
11:15 of 3rd period - Morgan Rielly is hit by Zac Jones and loses puck.
11:41 of 3rd period - Snap shot by Max Domi.
11:41 of 3rd period - Goal by Max Domi - Anaheim Ducks : 2 - Philadelphia Flyers : 3.
11:42 of 3rd period - Jesper Fast wins face-off versus John Tavares in neutral zone.
11:45 of 3rd period - Snap shot by Radek Faksa.
11:45 of 3rd period - Shot Misses the Net.
11:55 of 3rd period - Wrist shot by Alex Killorn.
11:55 of 3rd period - Stopped by Connor Ingram without a rebound.
11:56 of 3rd period - Nazem Kadri wins face-off versus Casey Cizikas in Philadelphia Flyers zone.
12:19 of 3rd period - Minor Penalty to Ben Chiarot for Roughing.
12:20 of 3rd period - Nazem Kadri wins face-off versus Casey Cizikas in Philadelphia Flyers zone.
12:29 of 3rd period - Snap shot by William Nylander.
12:29 of 3rd period - Shot Blocked by Casey Cizikas.
12:31 of 3rd period - Snap shot by William Nylander.
12:31 of 3rd period - Shot Blocked by Connor Murphy.
12:33 of 3rd period - Snap shot by Nazem Kadri.
12:33 of 3rd period - Shot Blocked by Radek Faksa.
12:35 of 3rd period - Slapshot by Morgan Rielly.
12:35 of 3rd period - Shot Misses the Net.
12:37 of 3rd period - Slapshot by Joshua Morrissey.
12:37 of 3rd period - Stopped by Connor Ingram without a rebound.
12:38 of 3rd period - Andrew Copp wins face-off versus John Tavares in Philadelphia Flyers zone.
12:49 of 3rd period - Slapshot by Alex Killorn.
12:49 of 3rd period - Shot Misses the Net.
12:51 of 3rd period - Slapshot by Joshua Morrissey.
12:51 of 3rd period - Stopped by Connor Ingram with a rebound.
12:53 of 3rd period - Wrist shot by John Tavares.
12:53 of 3rd period - Deflect By Alex Killorn.
12:53 of 3rd period - Shot Misses the Net.
12:53 of 3rd period - Puck is out of play.
12:54 of 3rd period - Nazem Kadri wins face-off versus Casey Cizikas in Philadelphia Flyers zone.
13:04 of 3rd period - Minor Penalty to Mark Scheifele for Interference.
13:05 of 3rd period - Nazem Kadri wins face-off versus Alexander Wennberg in Anaheim Ducks zone.
13:13 of 3rd period - Slapshot by Nazem Kadri.
13:13 of 3rd period - Shot Misses the Net.
14:19 of 3rd period - Penalty to Ben Chiarot is over, Ben Chiarot is back on ice.
15:04 of 3rd period - Penalty to Mark Scheifele is over, Mark Scheifele is back on ice.
15:08 of 3rd period - Mark Scheifele is hit by Radek Faksa and loses puck.
15:25 of 3rd period - Alexandre Texier is hit by Cody Glass and loses puck.
15:56 of 3rd period - Wrist shot by John Tavares.
15:56 of 3rd period - Shot Blocked by Tyler Johnson.
15:58 of 3rd period - Snap shot by Alex Killorn.
15:58 of 3rd period - Stopped by Connor Ingram with a rebound.
16:15 of 3rd period - Brandon Montour is hit by Chandler Stephenson and loses puck.
16:54 of 3rd period - Ben Chiarot is hit by Mason Marchment and loses puck.
18:05 of 3rd period - Icing by Sean Kuraly.
18:06 of 3rd period - Andrew Copp wins face-off versus Nazem Kadri in Philadelphia Flyers zone.
18:06 of 3rd period - Andrew Copp is hit by J.T. Compher.
18:26 of 3rd period - Marcus Johansson is hit by Alex Killorn.
19:01 of 3rd period - Anaheim Ducks, Linus Ullmark is pulled from the net.
19:05 of 3rd period - Snap shot by Nazem Kadri.
19:05 of 3rd period - Stopped by Connor Ingram with a rebound.
19:07 of 3rd period - Snap shot by William Nylander.
19:07 of 3rd period - Deflect By Nazem Kadri.
19:07 of 3rd period - Shot Misses the Net.
19:07 of 3rd period - Puck is out of play.
19:08 of 3rd period - Rick Tocchet call a timeout for Anaheim Ducks.
19:08 of 3rd period - Mark Scheifele wins face-off versus Casey Cizikas in Philadelphia Flyers zone.
19:16 of 3rd period - Snap shot by Morgan Rielly.
19:16 of 3rd period - Stopped by Connor Ingram without a rebound.
19:17 of 3rd period - Casey Cizikas wins face-off versus Nazem Kadri in Philadelphia Flyers zone.
19:21 of 3rd period - Brandon Montour is hit by Morgan Rielly and loses puck.
19:29 of 3rd period - Off-side.
19:30 of 3rd period - Casey Cizikas wins face-off versus Nazem Kadri in neutral zone.
19:49 of 3rd period - Wrist shot by Nazem Kadri.
19:49 of 3rd period - Shot Misses the Net.
19:51 of 3rd period - Wrist shot by Nazem Kadri.
19:51 of 3rd period - Stopped by Connor Ingram without a rebound.
19:52 of 3rd period - Casey Cizikas wins face-off versus Nazem Kadri in Philadelphia Flyers zone.
19:57 of 3rd period - Slapshot by Brandon Montour.
19:57 of 3rd period - Goal by Brandon Montour - Anaheim Ducks : 2 - Philadelphia Flyers : 4.
19:57 of 3rd period - Linus Ullmark from Anaheim Ducks was sent back in the game.
19:58 of 3rd period - Chandler Stephenson wins face-off versus Radek Faksa in neutral zone.
Goals for this period are 1 for Anaheim Ducks vs 2 for Philadelphia Flyers.
Shots for this period are 14 for Anaheim Ducks vs 8 for Philadelphia Flyers.
Back to the Top